 Dungeon Crawl Stone Soup version 0.28.0-43-g3370ac3207 (webtiles) character file.

Game seed: 1813987578538814952

9963 Snix the Grappler (level 11, 0/101 HPs)
             Began as a Troll Berserker on Mar 7, 2022.
             Was a High Priest of Trog.
             Killed from afar by a deep elf pyromancer (37 damage)
             ... with a bolt of fire
             ... on level 1 of the Elven Halls.
             The game lasted 00:44:10 (9160 turns).

Snix the Grappler (Troll Berserker)                 Turns: 9160, Time: 00:44:11

Health: 0/101      AC:  5    Str: 29    XL:     11   Next: 29%
Magic:  10/10      EV: 16    Int:  3    God:    Trog [*****.]
Gold:   708        SH:  5    Dex: 11    Spells: 10/10 levels left

rFire   . . .      SeeInvis .     - Unarmed
rCold   + . .      Faith    .   (no shield)
rNeg    . . .      Spirit   .   G - +1 robe {Will+}
rPois   .          Reflect  +   (helmet restricted)
rElec   .          Harm     .   (no cloak)
rCorr   .          Rampage  .   (gloves unavailable)
Will    +....                   (boots unavailable)
Stlth   ++........              A - amulet of reflection
HPRegen 1.06/turn               h - ring of protection from cold
MPRegen 0.12/turn               n - +4 ring of evasion

@: no status effects
A: large, unfitting armour, claws 3, regeneration 1, shaggy fur 1, tough skin 1
a: Renounce Religion, Berserk, Trog's Hand, Brothers in Arms


You were on level 1 of the Elven Halls.
You worshipped Trog.
Trog was extremely pleased with you.
You visited 4 branches of the dungeon, and saw 14 of its levels.

You collected 708 gold pieces.

Inventory:

Hand Weapons
 k - a +1 glaive of venom
Armour
 a - a +0 animal skin
 t - a scarf of harm
 G - a +1 robe of willpower (worn)
 J - the +11 crystal plate armour of Floral the Leaf {rPois rF+}
   (You found it on level 8 of the Dungeon)

   rF:        It protects you from fire.
   rPois:     It protects you from poison.
 M - a +0 troll leather armour
Magical Staves
 f - a staff of death
Jewellery
 h - a ring of protection from cold (left claw)
 n - a +4 ring of evasion (right claw)
 o - a ring of positive energy
 q - a +6 ring of intelligence
 r - a ring of poison resistance
 y - an amulet of magic regeneration
 A - an amulet of reflection (around neck)
 C - a +6 ring of intelligence
Wands
 p - a wand of digging (9)
 u - a wand of flame (26)
 w - a wand of mindburst (10)
 z - a wand of acid (7)
 E - a wand of paralysis (1)
Scrolls
 b - 7 scrolls of identify
 d - 2 scrolls of fog
 g - 3 scrolls of enchant weapon
 m - 2 scrolls of vulnerability
 v - a scroll of summoning
 x - a scroll of enchant armour {unknown}
 F - a scroll of magic mapping {unknown}
 H - a scroll of holy word {unknown}
 I - 2 scrolls of amnesia
 K - a scroll of immolation {unknown}
 L - 2 scrolls of teleportation
Potions
 i - 2 potions of lignification {unknown}
 j - 2 potions of cancellation
 l - a potion of brilliance
 s - a potion of invisibility {unknown}
 B - 3 potions of resistance {unknown}
 D - 2 potions of degeneration {unknown}


   Skills:
 + Level 4.9 Fighting
 + Level 7.0 Dodging
 + Level 3.0 Stealth
 + Level 2.9 Shields
 + Level 13.9 Unarmed Combat
 + Level 1.2 Evocations


You had 10 spell levels left.
You didn't know any spells.
Your spell library contained the following spells:

 Spells                   Type           Power      Damage    Failure   Level
 Frozen Ramparts          Ice            0%         1d2       88%         3
 Tukima's Dance           Hex            0%         N/A       88%         3
 Anguish                  Hex/Necr       0%         N/A       99%         4
 Ice Form                 Ice/Tmut       0%         N/A       99%         4
 Summon Ice Beast         Ice/Summ       0%         N/A       99%         4
 Iskenderun's Battlesphe  Conj           0%         2d6       100%        5
 Iron Shot                Conj/Erth      0%         9d1       100%        6
 Enfeeble                 Hex            0%         N/A       100%        7
 Spellforged Servitor     Conj/Summ      0%         N/A       100%        7


Dungeon Overview and Level Annotations

Branches:
Dungeon (10/15)            Temple (1/1) D:7             Orc (2/2) D:9
    Elf (1/3) Orc:2
   Lair: D:8-11

Altars:
Ashenzari
Cheibriados
Dithmenos
Elyvilon
Fedhas
Gozag
Hepliaklqana
Kikubaaqudgha
Makhleb
Okawaru
Qazlal
Ru
Sif Muna
Trog
Uskayaw
Vehumet
Wu Jian
Xom
Yredelemnul
Zin
The Shining One
Beogh

Shops:
D:3 [


Innate Abilities, Weirdness & Mutations

You are too large for most types of armour.
You have claws for hands.
Your natural rate of healing is unusually fast.
You are covered in fur. (AC +1)
You have tough skin. (AC +1)


Message History

The orc warrior hits you with a +0 mace.
The orc hits you with a +0 mace.
* * * LOW HITPOINT WARNING * * *
Something hits you.
* * * LOW HITPOINT WARNING * * *
You feel much better. The orc hits you with a +0 short sword.
The orc warrior hits you from afar with a +0 glaive!
An orc warrior comes into view. It is wielding a +0 broad axe.
The orc hits you with a +0 mace. The orc closely misses you.
The orc warrior barely misses you. The orc barely misses you.
Something hits you but does no damage.
Blink to where?
Press: ? - help, Q - select action, (/) - cycle Dir - move target 2 orcs come into view.
Found 18 gold pieces.
As you read the scroll of blinking, it crumbles to dust.
The orc shouts!
You hear a howl!
The orc priest closely misses you. The orc wizard casts a spell at you.
The puff of flame hits you.
You climb downwards.
Welcome to the Elven Halls!
Reactivating autopickup.
There is a staircase back to the Mines here.
You closely miss the orc priest.
The orc priest hits you with a +0 dagger of electrocution.
You scratch the orc priest.
The orc priest is moderately wounded.
The orc priest begins to cast a cantrip, but forgets the words!
You claw the orc priest!
You kill the orc priest!
Trog accepts your kill.
The deep elf pyromancer shouts!
Aiming: Throw Flame
Press: ? - help, Q - select action, (/) - cycle Shift-Dir - straight line, f - deep elf pyromancer
Aim: a deep elf pyromancer, wielding a +0 dagger (56% to hit)
The puff of flame hits the deep elf pyromancer.
The deep elf pyromancer is lightly wounded.
The deep elf pyromancer points at you and mumbles some strange words.
The bolt of fire hits you!!!
You die...

##.#### ##
#...... .#
#..#...#.#
#........#
#.....e..###
#..........
.........#
#....@)#
#.##...#.#
#...... .#
####### ##


You could see a deep elf pyromancer.

Vanquished Creatures
  A centaur warrior (D:8)
  2 two-headed ogres
  A tengu warrior (D:8)
  A harpy (shapeshifter) (D:8)
  A manticore (D:8)
  An ugly thing (D:8)
  A cyclops (D:8)
  The ghost of Jenx the Covert, a novice SpBr (D:5)
  A troll (Orc:1)
  The ghost of Lambsauce the Skirmisher, an amateur HOFi (D:3)
  A jumping spider (shapeshifter) (D:8)
  3 wyverns
  2 vampire mosquitoes (D:8)
  3 steam dragons
  Menkaure (D:7)
  Duvessa (D:6)
  A water moccasin (D:7)
  9 orc warriors
  A sky beast (D:6)
  2 black bears
  3 ogres
  A centaur (D:8)
  A kobold brigand (D:9)
  5 bullfrogs
  A gnoll sergeant (D:5)
  2 scorpions
  A wyvern zombie (D:6)
  Dowan (D:6)
  2 water moccasin skeletons
  8 wights
  3 howler monkeys
  2 centaur zombies (D:8)
  4 hounds
  A jelly (D:5)
  11 orc priests
  A centaur skeleton (D:6)
  A gnoll shaman (D:8)
  8 orc wizards
  A hound skeleton (D:4)
  2 howler monkey zombies (D:8)
  Robin (D:4)
  6 gnolls
  A howler monkey skeleton (D:6)
  9 adders
  A shadow imp (D:8)
  2 white imps (D:5)
  An ufetubus (D:5)
  An adder skeleton (D:4)
  3 worms
  3 dart slugs
  27 orcs
  10 ball pythons
  7 endoplasms
  9 giant cockroaches
  14 goblins
  6 hobgoblins
  7 jackals
  10 kobolds
  8 quokkas
  6 bats
  2 frilled lizards (D:1)
  7 rats
235 creatures vanquished.

Vanquished Creatures (others)
  A gnoll (D:8)
  4 fungi
5 creatures vanquished.

Grand Total: 240 creatures vanquished

Notes
Turn   | Place    | Note
-------+----------+-------------------------------------------
     0 | D:1      | Snix the Troll Berserker began the quest for the Orb.
     0 | D:1      | Reached XP level 1. HP: 22/22 MP: 0/0
   115 | D:1      | Reached XP level 2. HP: 29/29 MP: 1/1
   355 | D:1      | Reached ** piety under Trog
   473 | D:1      | Reached XP level 3. HP: 36/36 MP: 2/2
  1447 | D:2      | Reached XP level 4. HP: 44/44 MP: 3/3
  1504 | D:2      | Reached skill level 4 in Unarmed Combat
  1924 | D:2      | Found a faded altar of an unknown god.
  2277 | D:3      | Noticed an ogre
  2284 | D:3      | Killed an ogre
  2285 | D:3      | Reached skill level 5 in Unarmed Combat
  2285 | D:3      | Reached XP level 5. HP: 53/53 MP: 4/4
  2359 | D:3      | Found a stormy altar of Qazlal.
  2466 | D:3      | Found Ywenkoun's Antique Armour Emporium.
  2749 | D:3      | Found a runed translucent door.
  2749 | D:3      | Noticed Lambsauce's ghost (amateur HOFi)
  2759 | D:3      | Killed Lambsauce's ghost
  2760 | D:3      | Reached skill level 6 in Unarmed Combat
  2760 | D:3      | Reached XP level 6. HP: 61/61 MP: 5/5
  2852 | D:4      | Reached *** piety under Trog
  2858 | D:4      | Reached XP level 7. HP: 61/67 MP: 6/6
  3112 | D:5      | Entered Level 5 of the Dungeon
  3308 | D:5      | Found an ornate altar of the Wu Jian Council.
  3527 | D:4      | Noticed Robin
  3540 | D:4      | Killed Robin
  3541 | D:4      | Reached skill level 1 in Stealth
  3542 | D:4      | Reached skill level 7 in Unarmed Combat
  4014 | D:5      | Reached skill level 8 in Unarmed Combat
  4117 | D:5      | Found a runed translucent door.
  4118 | D:5      | Noticed Jenx's ghost (novice SpBr)
  4137 | D:5      | Killed Jenx's ghost
  4138 | D:5      | Reached XP level 8. HP: 75/75 MP: 7/7
  4471 | D:5      | Identified the +1 chain mail of Refuge {rCorr Str-3 SInv
                  | Stlth+}
  4661 | D:6      | Noticed Duvessa
  4669 | D:6      | Killed Duvessa
  4669 | D:6      | Noticed Dowan
  4681 | D:6      | Killed Dowan
  4682 | D:6      | Reached skill level 9 in Unarmed Combat
  5504 | D:7      | Noticed Menkaure
  5509 | D:7      | Killed Menkaure
  5608 | D:7      | Found a staircase to the Ecumenical Temple.
  5631 | Temple   | Entered the Ecumenical Temple
  5941 | D:7      | Reached skill level 5 in Dodging
  5956 | D:7      | Reached skill level 10 in Unarmed Combat
  5956 | D:7      | Reached XP level 9. HP: 43/84 MP: 8/8
  6564 | D:8      | Found a burning altar of Makhleb.
  6578 | D:8      | Found an iron altar of Okawaru.
  6619 | D:8      | Reached **** piety under Trog
  6620 | D:8      | Reached skill level 1 in Shields
  6779 | D:8      | Found a snail-covered altar of Cheibriados.
  6948 | D:8      | Reached skill level 11 in Unarmed Combat
  7113 | D:8      | Noticed a two-headed ogre
  7128 | D:8      | Killed a two-headed ogre
  7129 | D:8      | Reached XP level 10. HP: 48/92 MP: 9/9
  7265 | D:8      | Noticed a harpy
  7265 | D:8      | Noticed a manticore
  7265 | D:8      | Noticed a brown ugly thing
  7265 | D:8      | Noticed a tengu warrior
  7265 | D:8      | Noticed a cyclops
  7271 | D:8      | Killed a harpy
  7272 | D:8      | Reached skill level 12 in Unarmed Combat
  7293 | D:8      | Killed a manticore
  7298 | D:8      | Killed a cyclops
  7302 | D:8      | Noticed a glowing orange brain
  7302 | D:8      | a swamp worm changed into a glowing orange brain
  7312 | D:8      | Killed a tengu warrior
  7313 | D:8      | Reached skill level 1 in Evocations
  7324 | D:8      | Noticed a shock serpent
  7327 | D:8      | a shock serpent changed into a redback
  7329 | D:8      | Noticed a manticore
  7329 | D:8      | a redback changed into a manticore
  7344 | D:8      | Killed a brown ugly thing
  7345 | D:8      | Reached skill level 13 in Unarmed Combat
  7459 | D:8      | Identified the +11 crystal plate armour of Floral the Leaf
                  | {rPois rF+}
  7594 | D:8      | Noticed a centaur warrior
  7604 | D:8      | Killed a centaur warrior
  7857 | D:9      | Reached XP level 11. HP: 81/101 MP: 10/10
  7976 | D:10     | Entered Level 10 of the Dungeon
  8096 | D:9      | Found a staircase to the Orcish Mines.
  8584 | Orc:1    | Entered Level 1 of the Orcish Mines
  8597 | Orc:1    | Noticed a two-headed ogre
  8607 | Orc:1    | Killed a two-headed ogre
  8918 | Orc:1    | Reached ***** piety under Trog
  9144 | Orc:2    | Entered Level 2 of the Orcish Mines
  9144 | Orc:2    | Found a staircase to the Elven Halls.
  9156 | Elf:1    | Entered Level 1 of the Elven Halls
  9156 | Elf:1    | Noticed a deep elf pyromancer
  9160 | Elf:1    | Killed from afar by a deep elf pyromancer

Illustrated notes

Levels and vault maps discovered:
D:1:      lemuel_arrival_muddy, layout_loops_corners, st_stairs_10,
          minmay_misc_feat_cross, minmay_misc_feat_iff, kennysheep_minor_cross
D:2:      minmay_evil_eye, layout_loops_ring, basic_ecumenical_altar
D:3:      layout_loops_ring, grunt_qazlal_sundering, ebering_ghost_sewer_d,
          serial_shops, nicolae_shop_statue_plus, minmay_door_square, hex_tiny
D:4:      layout_loops_ring, kennysheep_generic_room_9, uniq_robin
D:5:      layout_loops_cross, mainiacjoe_overflow_concentric_impassable,
          gammafunk_ghost_grave, kennysheep_generic_room_4
D:6:      layout_loops_ring, uniq_duvessa
D:7:      layout_gridville, minmay_temple_entry_trees, uniq_menkaure
D:8:      minmay_the_grid_triangle_9x9_rhombus_full
          [minmay_the_grid_triangle_9x9_wacky_v,
          minmay_the_grid_triangle_9x9_limited_checkers,
          minmay_the_grid_triangle_9x9_negative_grid,
          minmay_the_grid_triangle_9x9_skeleton,
          minmay_the_grid_triangle_9x9_steps,
          minmay_the_grid_triangle_9x9_empty,
          minmay_the_grid_triangle_9x9_flanged_cone,
          minmay_the_grid_triangle_9x9_prize_top_heavy], layout_loops_ring,
          mainiacjoe_overflow_alcove_1, mainiacjoe_overflow_paths,
          overflow_temple_1_default, lightli_orcish_oven
D:9:      layout_loops_ring, david_orc_2
D:10:     layout_rooms, nemelex_altar_shiori, grunt_decor_junction,
          grunt_ministairs_6, minmay_statue_crystal_thing
Temple:   eino_temple_rhombus
Orc:1:    layout_caves, mines1_david
Orc:2:    grunt_orc_gardens, layout_caves, grunt_orc_garden, grunt_orc_garden,
          grunt_orc_garden, grunt_orc_garden
Elf:1:    layout_loops_corners, serial_aquarium, aquarium_bridge_square
          [aquarium_subvault_wall, aquarium_subvault_wall,
          aquarium_subvault_window, aquarium_subvault_bridge],
          aquarium_window_corridor_3, aquarium_window_fake, aquarium_window_1,
          aquarium_window_fake, aquarium_view_2f, aquarium_view_2a,
          aquarium_balcony_5a, uniq_frances

Skill      XL: |  1  2  3  4  5  6  7  8  9 10 11 |
---------------+----------------------------------+-----
Dodging        | 3 4 5 6 7 |  7.0
Unarmed Combat | 5 6 8 10 11 13 | 13.9
Fighting       | 3 4 |  4.9
Stealth        | 1 2 3 |  3.0
Shields        | 1 2 |  2.9
Evocations     | 1 |  1.2

Action                   |  1- 3 |  4- 6 |  7- 9 | 10-12 || total
-------------------------+-------+-------+-------+-------++-------
Melee: Unarmed           |   134 |    82 |   254 |   183 ||   653
       Punch             |     2 |     4 |    17 |    14 ||    37
Invok: Berserk           |       |     2 |     2 |     1 ||     5
       Trog's Hand       |       |       |     1 |     1 ||     2
Evoke: Wand              |       |       |     4 |     5 ||     9
  Use: Scroll            |       |     2 |     4 |     9 ||    15
       Potion            |       |       |     1 |     3 ||     4
 Stab: Sleeping          |       |       |     2 |     1 ||     3
Armor: Animal skin       |    41 |    17 |    36 |       ||    94
       Robe              |       |       |     2 |    20 ||    22
Dodge: Dodged            |    65 |    38 |   111 |   105 ||   319
Block: Other             |       |       |    23 |    38 ||    61
       Reflection        |       |       |     1 |     4 ||     5
